 Dungeon Crawl Stone Soup version 0.31-a0-37-g98a128e1d9 (webtiles) character file.

Game seed: 3201562587483920658

1969 GabrielManson the Covert (level 9, 0/40 HPs)
             Began as a Felid Delver on May 9, 2023.
             Was an Elder of Dithmenos.
             Slain by an orc warrior
             ... wielding a +0 short sword
              (5 damage)
             ... on level 7 of the Dungeon on May 15, 2023.
             The game lasted 00:35:07 (6141 turns).

GabrielManson the Covert (Felid Delver)             Turns: 6141, Time: 00:35:07

Health: 0/40       AC:  2    Str:  8    XL:     9   Next: 0%
Magic:  12/12      EV: 27    Int: 12    God:    Dithmenos [****..]
Gold:   293        SH:  0    Dex: 21    Spells: 7/10 levels left
                                        Lives:  0   Deaths: 2

rFire   . .          .
                       - Unarmed
rCold   + . .        (shield unavailable)
rNeg    . . .        (body armour unavailable)
rPois   .            (helmet unavailable)
rElec   .            (cloak unavailable)
rCorr   .            (gloves unavailable)
SInv    +            (boots unavailable)
Will    +....        (no amulet)
Stlth   +++++++      l - ring of protection from cold
HPRegen 0.26/turn    m - +5 ring of evasion
MPRegen 0.13/turn

%: no passive effects
@: hasted, wreathed by umbra, very quick
A: very small, claws 1, fangs 3, see invisible, speed 1, shaggy fur 2, stealthy
paws, no weapons or thrown items, no armour, multi-lived
a: Renounce Religion, Shadow Step


You were on level 7 of the Dungeon.
You worshipped Dithmenos.
Dithmenos was greatly pleased with you.
You visited 1 branch of the dungeon, and saw 7 of its levels.

You collected 293 gold pieces.

Inventory:

Jewellery
 l - a ring of protection from cold (left paw)
 m - a +5 ring of evasion (right paw)
Wands
 e - a wand of digging (8)
 n - a wand of polymorph (5)
 p - a wand of flame (11)
 w - a wand of paralysis (7)
Scrolls
 a - a scroll of fog
 b - a scroll of magic mapping
 c - a scroll of fear
 g - a scroll of acquirement {unknown}
 i - 4 scrolls of teleportation
 j - a scroll of noise
 o - 2 scrolls of enchant weapon
 s - a scroll of butterflies {unknown}
 t - 3 scrolls of identify
 u - 2 scrolls of brand weapon
 x - a scroll of amnesia
Potions
 d - a potion of haste
 f - a potion of brilliance
 h - a potion of magic
 k - a potion of lignification
 q - a potion of resistance
 r - a potion of attraction
 v - a potion of flight


   Skills:
 + Level 5.6 Fighting
 + Level 7.0 Dodging
 + Level 9.6 Stealth
 + Level 5.5 Unarmed Combat
 - Level 1.4 Spellcasting
 - Level 9.0 Transmutations


You had 7 spell levels left.
You knew the following spells:

 Your Spells              Type           Power      Damage    Failure   Level
a - Spider Form           Tmut/Pois      11%        N/A       14%         3

Your spell library contained the following spells:

 Spells                   Type           Power      Damage    Failure   Level
 Passwall                 Tmut/Erth      9%         N/A       7%          2
 Ignite Poison            Fire/Tmut/Pois 8%         N/A       26%         3
 Cigotuvi's Dreadful Rot  Necr/Pois/Air  0%         N/A       41%         2
 Ensorcelled Hibernation  Hex/Ice        0%         N/A       41%         2
 Swiftness                Air            0%         N/A       65%         3
 Anguish                  Hex/Necr       0%         N/A       96%         4
 Olgreb's Toxic Radiance  Pois           0%         N/A       96%         4
 Freezing Cloud           Conj/Ice/Air   0%         6-21      100%        5
 Summon Cactus Giant      Summ           0%         N/A       100%        6
 Summon Horrible Things   Summ           0%         N/A       100%        8


Dungeon Overview and Level Annotations

Branches:
Dungeon (7/15)             Temple (0/1) D:4

Altars:
Dithmenos
Fedhas
Ru
Trog
Yredelemnul
The Shining One

Shops:
D:1 (   D:4 [


Innate Abilities, Weirdness & Mutations

You have sharp claws.
You have razor-sharp teeth.
You have supernaturally acute eyesight. (SInv)
You cover ground quickly. (Speed+)
You are covered in thick fur. (AC +2)
Your paws help you pounce on unaware monsters.
You are incapable of wielding weapons or throwing items.
You cannot wear armour.
You gain extra lives every three experience levels.


Message History

The orc wizard gestures at you while chanting.
You resist with almost no effort. The orc warrior completely misses you.
The orc priest misses you.
You barely miss the orc priest.
The orc priest is almost dead.
You scratch the orc priest but do no damage.
Your bite misses the orc priest.
The orc priest is almost dead.
The orc wizard closely misses you. The orc warrior completely misses you.
The orc priest misses you.
You scratch the orc priest.
You kill the orc priest!
Dithmenos accepts your kill. The orc warrior closely misses you.
The orc wizard completely misses you.
You have reached level 9!
Your experience leads to an increase in your attributes!
Increase (S)trength, (I)ntelligence, or (D)exterity?
You feel agile. x2
You scratch the orc wizard but do no damage.
The orc wizard is lightly wounded.
The orc warrior completely misses you. The orc wizard misses you.
You scratch the orc wizard. You bite the orc wizard.
The orc wizard is heavily wounded.
The orc warrior hits you with a +0 short sword!
The orc wizard closely misses you.
You scratch the orc wizard but do no damage.
The orc wizard is heavily wounded.
The orc warrior hits you with a +0 short sword!
The orc wizard barely misses you.
You scratch the orc wizard but do no damage.
The orc wizard is heavily wounded.
The orc warrior completely misses you. The orc wizard completely misses you.
You scratch the orc wizard but do no damage.
The orc wizard is heavily wounded.
The orc warrior hits you with a +0 short sword!
* * * LOW HITPOINT WARNING * * *
The orc wizard barely misses you.
You feel yourself speed up.
The orc warrior hits you with a +0 short sword.
You die...

#.#. #. #.#. #.
######### #.## #.
#.......##.#.#
###.####.......##.#.#
#..............##.#.#
#..............##.#.#
#...........#####.#.##
#....@......#####.#...
#..)oo#####.......#.##
#.....# #...........
#.....# #...........
#.....# #......#..##
#.....# #...####'..#
###...........##.....#
#########...#......#
#......._.?'


You could see an orc warrior and an orc wizard.

Vanquished Creatures
  Maggie (D:6)
  Sigmund (D:6)
  2 water moccasins
  2 ice beasts
  An ogre (D:6)
  3 black bears
  2 centaurs
  2 kobold brigands
  A phantom (D:7)
  A bullfrog (D:7)
  A gnoll sergeant (D:6)
  2 scorpions
  5 killer bees (D:7)
  2 howler monkeys
  A crimson imp (D:7)
  2 hounds (D:7)
  A jelly (D:4)
  5 orc priests
  Jessica (D:3)
  3 iguanas
  4 orc wizards
  9 adders
  2 gnolls (D:6)
  3 white imps
  An ufetubus (D:7)
  4 worms
  4 dart slugs
  15 orcs
  4 bats
  5 endoplasms
  7 giant cockroaches
  5 hobgoblins
  22 kobolds
  3 quokkas
  3 ball pythons
  4 frilled lizards
  6 goblins
  A goblin skeleton (D:7)
  A goblin zombie (D:7)
  3 hobgoblin zombies (D:7)
  A kobold zombie (D:7)
  3 orc skeletons (D:7)
  2 orc zombies (D:7)
  7 rats
158 creatures vanquished.

Vanquished Creatures (others)
  An orc priest (D:3)
1 creature vanquished.

Grand Total: 159 creatures vanquished

Notes
Turn   | Place    | Note
-------+----------+-------------------------------------------
     0 | D:5      | GabrielManson the Felid Delver began the quest for the Orb.
     0 | D:5      | Reached XP level 1. HP: 10/10 MP: 2/2
    11 | D:5      | Became a worshipper of Dithmenos the Shadowed
    17 | D:5      | Reached XP level 2. HP: 14/14 MP: 3/3
    91 | D:5      | Noticed a water moccasin
    98 | D:5      | Killed a water moccasin
    99 | D:5      | Reached XP level 3. HP: 18/18 MP: 4/4
    99 | D:5      | Reached XP level 4. HP: 22/22 MP: 5/5
   133 | D:4      | Found Zyig's Antique Armour Shop.
   178 | D:4      | Noticed a scorpion
   424 | D:4      | Reached XP level 5. HP: 5/25 MP: 6/6
   772 | D:4      | Gained mutation: You are covered in thick fur. (AC +2)
                  | [Felid growth]
   772 | D:4      | Reached XP level 6. HP: 28/28 MP: 7/7
   776 | D:4      | HP: 1/28 [jelly (2)]
   776 | D:4      | Splashed by a jelly's acid
   777 | D:4      | Reached XP level 5. HP: -5/25 MP: 6/6
  1024 | D:4      | Found a staircase to the Ecumenical Temple.
  1098 | D:5      | Noticed an ice beast
  1290 | D:4      | Reached skill level 5 in Dodging
  1312 | D:4      | Reached * piety under Dithmenos
  1335 | D:4      | Learned a level 3 spell: Spider Form
  1523 | D:3      | Noticed Jessica
  1537 | D:3      | Killed Jessica
  1538 | D:3      | Reached skill level 1 in Transmutations
  1668 | D:2      | Reached XP level 6. HP: 16/28 MP: 7/7
  1983 | D:1      | Found Rennyill's Weapon Boutique.
  2086 | D:1      | Found a faded altar of an unknown god.
  2624 | D:2      | Reached skill level 1 in Spellcasting
  2784 | D:3      | Reached ** piety under Dithmenos
  2804 | D:3      | Got the Textbook on the Rancid Familiar
  3278 | D:5      | Killed an ice beast
  3327 | D:5      | Reached XP level 7. HP: 7/32 MP: 10/10
  3374 | D:5      | Found a sacrificial altar of Ru.
  3959 | D:5      | Identified the +4 scale mail "Onubosim" {rPois rC++ Str-3
                  | SInv}
  3970 | D:5      | Reached skill level 5 in Transmutations
  4307 | D:6      | Noticed Maggie
  4308 | D:6      | Noticed Sigmund
  4322 | D:6      | Killed Maggie
  4323 | D:6      | Reached XP level 8. HP: 36/36 MP: 11/11
  4329 | D:6      | Found a blossoming altar of Fedhas.
  4343 | D:6      | Killed Sigmund
  4427 | D:6      | Reached *** piety under Dithmenos
  4474 | D:6      | Mangled by a gnoll sergeant
  4475 | D:6      | Reached XP level 7. HP: -11/33 MP: 10/10
  4894 | D:7      | Reached XP level 8. HP: 34/36 MP: 11/11
  5098 | D:7      | Reached skill level 5 in Fighting
  5297 | D:7      | Reached skill level 5 in Unarmed Combat
  5416 | D:7      | Found a basalt altar of Yredelemnul.
  5449 | D:7      | Found a bloodstained altar of Trog.
  5847 | D:7      | Upgraded the game from 0.31-a0-18-gea43df2a32 to
                  | 0.31-a0-37-g98a128e1d9
  5984 | D:7      | Found a glowing golden altar of the Shining One.
  6095 | D:7      | Reached **** piety under Dithmenos
  6135 | D:7      | Reached XP level 9. HP: 32/40 MP: 12/12
  6141 | D:7      | Slain by an orc warrior

Illustrated notes

Levels and vault maps discovered:
D:1:      dreamdust_arrival_sigmund_warning, layout_basic, serial_shops, shop,
          hellmonk_ecumenical_altar_blasted, hex_large, grunt_decor_clamped
D:2:      layout_rooms
D:3:      layout_rooms, uniq_jessica
D:4:      layout_basic, minmay_temple_entry_statues, serial_shops, shop,
          minmay_increasing_density
D:5:      minmay_octagon_keep, layout_loops_ring, overflow_temple_1_default,
          mainiacjoe_overflow_cross_hatched, serial_aquarium,
          aquarium_bridge_straight [aquarium_subvault_bridge,
          aquarium_subvault_wall, aquarium_subvault_bridge,
          aquarium_subvault_window], aquarium_window_2, aquarium_window_1,
          aquarium_window_corner, aquarium_window_1, aquarium_view_2d,
          aquarium_view_2b, aquarium_balcony_1b, aquarium_pool_split
D:6:      layout_basic, mainiacjoe_overflow_catwalk,
          hangedman_decor_diamond_cutter, uniq_sigmund, uniq_maggie
D:7:      layout_basic, nicolae_tso_besieged_by_evil, kennysheep_mini,
          old_standard_altar, chequers_serial_rivers_marsh,
          uniq_crazy_yiuf_cottage

Skill      XL: |  1  2  3  4  5  6  7  8 |
---------------+-------------------------+-----
Dodging        | 3 4 5 7 |  7.0
Stealth        | 7 8 9 |  9.6
Unarmed Combat | 3 4 5 |  5.5
Fighting       | 4 5 |  5.6
Transmutations | 1 4 8 9 |  9.0
Spellcasting   | 1 |  1.4

Action                     |  1- 3 |  4- 6 |  7- 9 || total
---------------------------+-------+-------+-------++-------
  Melee: Unarmed           |     2 |   256 |   335 ||   593
         Bite              |       |    22 |    27 ||    49
         Punch             |       |     7 |     4 ||    11
   Cast: Spider Form       |       |       |     5 ||     5
  Evoke: Wand              |       |       |    12 ||    12
    Use: Scroll            |       |     8 |     8 ||    16
         Potion            |       |     3 |     9 ||    12
   Stab: Sleeping          |     2 |    28 |     9 ||    39
         Invisible         |       |     2 |       ||     2
         Paralysed         |       |       |     6 ||     6
 Armour: Skin              |       |     5 |     9 ||    14
  Dodge: Dodged            |       |   158 |   385 ||   543

Table legend: (Time is in decaauts)
 A = Elapsed time spent in this place.
 B = Non-inter-level travel time spent in this place.
 C = Inter-level travel time spent in this place.
 D = Time resting spent in this place.
 E = Time spent auto-exploring this place.
 F = Levels seen in this place.
 G = Mean time per level.
                   A        B        C        D        E       F      G
               +--------+--------+--------+--------+--------+-----+--------+
         Total |   5331 |   5163 |    168 |   1364 |   1868 |   7 |  761.6 |
       Dungeon |   5331 |   5163 |    168 |   1364 |   1868 |   7 |  761.6 |
               +--------+--------+--------+--------+--------+-----+--------+

Top non-repeatable levels by time:
     D:7: 1165 daAuts
     D:4: 1105 daAuts
     D:5: 1032 daAuts
     D:1: 583 daAuts
     D:6: 551 daAuts
     D:3: 497 daAuts
     D:2: 395 daAuts
